 Dungeon Sprint DCSS version 0.17-a0-1667-g4ca74a1 (webtiles) character file.

6825 Kidiri the Unseen (level 10, -10/44 HPs)
             Began as a Spriggan Enchanter on Aug 18, 2015.
             Was the Champion of Dithmenos.
             Mangled by Maud (26 damage)
             ... in the Dungeon (Sprint III: "The Ten Rune Challenge").
             The game lasted 00:13:14 (2093 turns).

Kidiri the Unseen (Spriggan Enchanter)              Turns: 2093, Time: 00:13:14

Health: -10/44     AC:  9    Str:  4    XL:     10   Next: 77%
Magic:  10/28      EV: 32    Int: 18    God:    Dithmenos [******]
Gold:   42         SH:  0    Dex: 19    Spells: 10 memorised, 10 levels left

rFire  . . .     SeeInvis +     a - +1 dagger
rCold  . . .     Clarity  .     b - +1 robe
rNeg   . . .     SustAt   .     (shield restricted)
rPois  +         Gourm    .     (helmet restricted)
rElec  .         Spirit   .     k - +1 cloak
rCorr  .         Warding  .     (gloves unavailable)
rMut   .         NoTele   +     (boots unavailable)
MR     +....                    (no amulet)
Stlth  ++++++++++               (no ring)
                                (no ring)

@: wreathed by umbra, very quick, somewhat resistant to hostile enchantments,
uncannily stealthy
A: unfitting armour, iridescent scales 1, see invisible, herbivore 3, speed 3,
poison resistance, slow metabolism 2
a: Shadow Step, Shadow Form, Renounce Religion


You were in the Dungeon.
You worshipped Dithmenos.
Dithmenos was exalted by your worship.
You were not hungry.

You visited 1 branch You collected 42 gold pieces.

Inventory:

Hand weapons
 a - a +1 dagger (weapon)
Missiles
 m - 10 throwing nets (quivered)
Armour
 b - a +1 robe (worn)
 k - a +1 cloak (worn)
Scrolls
 j - a scroll of blinking
 o - 4 scrolls of remove curse
 s - a scroll of torment
Potions
 e - 2 potions of curing
 g - a potion of haste
 h - 2 potions of magic
 i - 3 potions of berserk rage
 q - a potion of cure mutation
 r - 4 potions of flight
 t - a potion of might
Books
 c - a book of Maledictions

   Spells                             Type                      Level
   a - Corona                         Hexes                        1
   b - Ensorcelled Hibernation        Hexes/Ice                    2
   c - Confuse                        Hexes                        3
   d - Tukima's Dance                 Hexes                        3
   e - Dazzling Spray                 Conjuration/Hexes            3
 n - a book of Air

   Spells                             Type                      Level
   a - Shock                          Conjuration/Air              1
   b - Swiftness                      Charms/Air                   2
   c - Repel Missiles                 Charms/Air                   2
   d - Static Discharge               Conjuration/Air              3
   e - Lightning Bolt                 Conjuration/Air              5
Comestibles
 d - a bread ration
 l - 25 royal jellies
 p - 3 fruits


   Skills:
 + Level 8.7 Short Blades
 * Level 15.2 Dodging
 * Level 16.6 Stealth
 * Level 13.2 Spellcasting
 + Level 5.3 Conjurations
 + Level 10.3 Hexes
 + Level 9.2 Charms
 + Level 6.4 Ice Magic
 + Level 5.5 Air Magic
 - Level 2.9 Invocations


You had 10 spell levels left.
You knew the following spells:

 Your Spells              Type           Power        Failure   Level  Hunger
a - Corona                Hex            #####..      1%          1    None
b - Ensorcelled Hibernat  Hex/Ice        #####.       1%          2    None
c - Confuse               Hex            #####...     1%          3    None
d - Tukima's Dance        Hex            #####...     1%          3    None
e - Dazzling Spray        Conj/Hex       #####...     1%          3    None
f - Shock                 Conj/Air       ####         1%          1    None
g - Repel Missiles        Chrm/Air       #####.       1%          2    None
h - Swiftness             Chrm/Air       #####...     1%          2    None
i - Static Discharge      Conj/Air       ####....     1%          3    None
j - Lightning Bolt        Conj/Air       ####......   21%         5    ####...


Dungeon Overview and Level Annotations

Branches:
Dungeon (1/1)

Altars:
Cheibriados
Dithmenos
Elyvilon
Fedhas
Gozag
Kikubaaqudgha
Makhleb
Nemelex Xobeh
Okawaru
Qazlal
Ru
Sif Muna
Trog
Vehumet
Xom
Yredelemnul
Zin
The Shining One
Jiyva
Lugonu

Annotations:
D Maud


Innate Abilities, Weirdness & Mutations

You are tiny and cannot use many weapons and most armour.
You have supernaturally acute eyesight.
You are a herbivore.
You cover ground extremely quickly.
You need consume almost no food.
You are partially covered in iridescent scales (AC +4).
Your system is resistant to poisons.


Message History

Confirm with . or Enter, or press ? or * to list all spells.
Aiming: Confuse
Press: ? - help, Shift-Dir - straight line, f/p - Maud
Aim: Maud, wearing a shiny plate armour (black smoke, lightly wounded, unusually agile, umbra, chance to defeat MR: 22%) Maud resists with almost no effort.
Something barely misses Maud.
Maud barely misses you.
Casting: Confuse
Confirm with . or Enter, or press ? or * to list all spells.
Aiming: Confuse
Press: ? - help, Shift-Dir - straight line, f/p - Maud
Aim: Maud, wearing a shiny plate armour (black smoke, lightly wounded, unusually agile, umbra, chance to defeat MR: 22%) Maud resists with almost no effort.
Something hits Maud!!!
Maud misses you.
Casting: Confuse
Confirm with . or Enter, or press ? or * to list all spells.
Aiming: Confuse
Press: ? - help, Shift-Dir - straight line, f/p - Maud
Aim: Maud, wearing a shiny plate armour (black smoke, moderately wounded, unusually agile, umbra, chance to defeat MR: 22%) Maud resists with almost no effort.
Something hits Maud!!
Maud hits you!!
Ouch! That really hurt!
You die...

....#___#_.+...#...#..#.)##?)'...
▓▓▓▓▓▓▓▓▓▓▓▓▓▓▓▓▓▓▓▓▓▓▓▓▓▓▓▓▓#...
♣♣≈≈≈........≈≈≈...#...
+♣♣'♣≈≈≈≈≈≈≈≈≈≈≈≈♣♣P.'...
#%≈♣♣♣♣♣♣♣♣♣♣♣♣♣♣♣♣PP#... #%.♣♣
♣♣♣##+# ###'♣♣♣♣♣ ♣♣♣♣%##.§##
♣...##%##@# ♣♣.##.##@##+
♣..#.##§§(# ♣♣.##.##.§#
♣♣.##.##### ♣.....# #######


You could see Maud.

Vanquished Creatures
  Erolcha (D)
  A lindwurm (D)
  2 spiny frogs (D)
  A komodo dragon (D)
  3 wandering mushrooms (D)
  A deep elf priest (D)
  A queen bee (D)
  4 redbacks (D)
  A shadow (D)
  2 trapdoor spiders (D)
  2 hill giants (D)
  A spatial vortex (D)
  A necrophage (D)
  2 brain worms (D)
  3 two-headed ogres (D)
  A water elemental (D)
  32 killer bees (D)
  A jelly (D)
  A wizard (D)
  A wolf (D)
  A necromancer (D)
  3 humans (D)
  A kobold demonologist (D)
  2 oozes (D)
  2 rats (D)
71 creatures vanquished.

Vanquished Creatures (others)
  2 draconian scorchers (D)
  Nessos (D)
  A yaktaur (D)
  3 plants (D)
7 creatures vanquished.

Grand Total: 78 creatures vanquished

Notes
Turn   | Place    | Note
--------------------------------------------------------------
     0 | D        | Kidiri the Spriggan Enchanter began the quest for the Orb.
     0 | D        | Reached XP level 1. HP: 9/9 MP: 5/5
     9 | D        | Reached skill level 5 in Stealth
    11 | D        | Reached XP level 2. HP: 13/13 MP: 5/7
    15 | D        | Learned a level 2 spell: Ensorcelled Hibernation
    36 | D        | Killed a yaktaur
    62 | D        | Noticed a wolf
    65 | D        | Killed a wolf
    65 | D        | Reached skill level 5 in Dodging
    65 | D        | Reached skill level 6 in Stealth
    65 | D        | Reached skill level 1 in Ice Magic
    65 | D        | Reached XP level 3. HP: 16/16 MP: 7/9
   167 | D        | Learned a level 3 spell: Confuse
   171 | D        | Learned a level 3 spell: Tukima's Dance
   188 | D        | Reached skill level 7 in Stealth
   215 | D        | Gained mutation: You occasionally shout uncontrollably at your foes. [potion of mutation]
   215 | D        | Gained mutation: Your spells are a little easier to cast, but a little less powerful. [potion of mutation]
   216 | D        | Lost mutation: You occasionally shout uncontrollably at your foes. [potion of cure mutation]
   216 | D        | Lost mutation: Your spells are a little easier to cast, but a little less powerful. [potion of cure mutation]
   217 | D        | Gained mutation: You are partially covered in iridescent scales (AC +4). [potion of mutation]
   217 | D        | Gained mutation: Your system is resistant to poisons. [potion of mutation]
   241 | D        | Noticed a water elemental
   244 | D        | Killed a water elemental
   244 | D        | Reached skill level 8 in Stealth
   244 | D        | Reached skill level 5 in Spellcasting
   244 | D        | Reached skill level 5 in Hexes
   244 | D        | Reached XP level 4. HP: 21/21 MP: 10/12
   249 | D        | Learned a level 3 spell: Dazzling Spray
   261 | D        | Killed a white draconian scorcher
   263 | D        | Noticed a jelly
   264 | D        | Noticed a shadow
   266 | D        | Killed a shadow
   266 | D        | Reached skill level 10 in Stealth
   266 | D        | Reached skill level 1 in Conjurations
   266 | D        | Reached XP level 5. HP: 24/24 MP: 12/15
   266 | D        | Reached XP level 6. HP: 28/28 MP: 13/17
   269 | D        | Killed a jelly
   276 | D        | Found a stormy altar of Qazlal.
   276 | D        | Noticed a spatial vortex
   277 | D        | Found a sacrificial altar of Ru.
   277 | D        | Found a burning altar of Makhleb.
   277 | D        | Found a viscous altar of Jiyva.
   277 | D        | Found a shimmering altar of Xom.
   277 | D        | Found a shadowy altar of Dithmenos.
   277 | D        | Found a sparkling altar of Nemelex Xobeh.
   277 | D        | Found a corrupted altar of Lugonu.
   277 | D        | Found an opulent altar of Gozag.
   281 | D        | Became a worshipper of Dithmenos the Shadowed
   294 | D        | Killed a white draconian scorcher
   301 | D        | Killed a spatial vortex
   301 | D        | Reached skill level 5 in Short Blades
   301 | D        | Reached skill level 11 in Stealth
   301 | D        | Reached skill level 1 in Invocations
   425 | D        | Found a radiant altar of Vehumet.
   426 | D        | Found a deep blue altar of Sif Muna.
   426 | D        | Found an ancient bone altar of Kikubaaqudgha.
   426 | D        | Noticed a wizard
   427 | D        | Killed a wizard
   429 | D        | Reached skill level 10 in Dodging
   436 | D        | Learned a level 1 spell: Shock
   439 | D        | Learned a level 2 spell: Repel Missiles
   442 | D        | Learned a level 2 spell: Swiftness
   446 | D        | Learned a level 3 spell: Static Discharge
   458 | D        | Found a glowing silver altar of Zin.
   459 | D        | Found a glowing golden altar of the Shining One.
   459 | D        | Found a white marble altar of Elyvilon.
   459 | D        | Noticed a deep elf priest
   461 | D        | Killed a deep elf priest
   461 | D        | Reached skill level 1 in Air Magic
   461 | D        | Reached XP level 7. HP: 32/32 MP: 20/20
   473 | D        | Found an iron altar of Okawaru.
   474 | D        | Found a bloodstained altar of Trog.
   474 | D        | Noticed a human
   474 | D        | Noticed a human
   476 | D        | Killed a human
   476 | D        | Reached skill level 12 in Stealth
   477 | D        | Killed a human
   493 | D        | Found a basalt altar of Yredelemnul.
   493 | D        | Found a snail-covered altar of Cheibriados.
   493 | D        | Found a blossoming altar of Fedhas.
   493 | D        | Noticed a necrophage
   493 | D        | Noticed a necromancer
   495 | D        | Killed a necrophage
   495 | D        | Acquired Dithmenos's first power
   495 | D        | Reached XP level 8. HP: 36/36 MP: 20/22
   496 | D        | Killed a necromancer
   523 | D        | Learned a level 5 spell: Lightning Bolt
   527 | D        | Noticed a two-headed ogre
   527 | D        | Noticed a two-headed ogre
   532 | D        | Killed a two-headed ogre
   534 | D        | Killed a two-headed ogre
   534 | D        | Acquired Dithmenos's second power
   539 | D        | Noticed a two-headed ogre
   541 | D        | Killed a two-headed ogre
   546 | D        | Noticed a hill giant
   551 | D        | Killed a hill giant
   551 | D        | Reached skill level 13 in Stealth
   551 | D        | Reached skill level 10 in Spellcasting
   634 | D        | Noticed a hill giant
   634 | D        | Noticed Erolcha
   636 | D        | Killed Erolcha
   636 | D        | Reached skill level 5 in Charms
   636 | D        | Reached skill level 5 in Ice Magic
   636 | D        | Reached XP level 9. HP: 39/39 MP: 24/24
   637 | D        | Killed a hill giant
   637 | D        | Reached skill level 14 in Stealth
   744 | D        | Noticed a redback
   746 | D        | Noticed a trapdoor spider
   764 | D        | Killed a trapdoor spider
   764 | D        | Acquired Dithmenos's third power
   844 | D        | Noticed a trapdoor spider
   848 | D        | Killed a redback
   851 | D        | Killed a trapdoor spider
   943 | D        | Noticed a killer bee
   943 | D        | Noticed a killer bee
   943 | D        | Noticed a killer bee
   943 | D        | Noticed a killer bee
   943 | D        | Noticed a killer bee
   943 | D        | Noticed a killer bee
   943 | D        | Noticed a killer bee
   943 | D        | Noticed a killer bee
   943 | D        | Noticed a killer bee
   943 | D        | Noticed a killer bee
   943 | D        | Noticed a killer bee
   943 | D        | Noticed a killer bee
   943 | D        | Noticed a killer bee
   943 | D        | Noticed a killer bee
   943 | D        | Noticed a killer bee
   944 | D        | Noticed a killer bee
   944 | D        | Noticed a killer bee
   944 | D        | Noticed a killer bee
   944 | D        | Noticed a killer bee
   944 | D        | Noticed a killer bee
   944 | D        | Noticed a killer bee
   944 | D        | Noticed a killer bee
   944 | D        | Noticed a killer bee
   944 | D        | Noticed a queen bee
   944 | D        | Noticed a killer bee
   944 | D        | Noticed a killer bee
   944 | D        | Noticed a killer bee
   944 | D        | Noticed a killer bee
   944 | D        | Noticed a killer bee
   944 | D        | Noticed a killer bee
   944 | D        | Noticed a killer bee
   944 | D        | Noticed a killer bee
   944 | D        | Noticed a killer bee
   946 | D        | Killed a killer bee
   949 | D        | Killed a killer bee
   949 | D        | Acquired Dithmenos's fourth power
   949 | D        | Killed a killer bee
   951 | D        | Killed a killer bee
   951 | D        | Killed a killer bee
   952 | D        | Killed a killer bee
  1169 | D        | Killed a killer bee
  1174 | D        | Killed a killer bee
  1175 | D        | Killed a killer bee
  1176 | D        | Killed a killer bee
  1181 | D        | Killed a queen bee
  1209 | D        | Killed a killer bee
  1209 | D        | Reached skill level 15 in Stealth
  1323 | D        | Killed Nessos
  1361 | D        | Killed a killer bee
  1367 | D        | Killed a killer bee
  1369 | D        | Killed a killer bee
  1405 | D        | Killed a killer bee
  1431 | D        | Killed a killer bee
  1435 | D        | Killed a killer bee
  1573 | D        | Killed a killer bee
  1587 | D        | Killed a killer bee
  1590 | D        | Killed a killer bee
  1592 | D        | Killed a killer bee
  1594 | D        | Killed a killer bee
  1597 | D        | Killed a killer bee
  1597 | D        | Reached XP level 10. HP: 44/44 MP: 11/27
  1599 | D        | Killed a killer bee
  1601 | D        | Killed a killer bee
  1603 | D        | Killed a killer bee
  1613 | D        | Killed a killer bee
  1620 | D        | Killed a killer bee
  1828 | D        | Killed a killer bee
  1830 | D        | Killed a killer bee
  1830 | D        | Killed a killer bee
  1835 | D        | Killed a killer bee
  1932 | D        | Noticed a wandering mushroom
  1933 | D        | Noticed a wandering mushroom
  1933 | D        | Noticed a wandering mushroom
  1934 | D        | Killed a wandering mushroom
  1936 | D        | Killed a wandering mushroom
  1937 | D        | Killed a wandering mushroom
  1981 | D        | Noticed a spiny frog
  1981 | D        | Noticed a komodo dragon
  1981 | D        | Noticed a spiny frog
  1985 | D        | Killed a spiny frog
  1985 | D        | Reached skill level 16 in Stealth
  1988 | D        | Killed a komodo dragon
  1988 | D        | Reached skill level 5 in Conjurations
  1988 | D        | Reached skill level 10 in Hexes
  1988 | D        | Reached skill level 5 in Air Magic
  1989 | D        | Killed a spiny frog
  2048 | D        | Noticed a redback
  2050 | D        | Killed a redback
  2051 | D        | Noticed a brain worm
  2055 | D        | Killed a brain worm
  2058 | D        | Noticed a brain worm
  2061 | D        | Killed a brain worm
  2065 | D        | Noticed a lindwurm
  2068 | D        | Noticed a redback
  2069 | D        | Killed a lindwurm
  2069 | D        | Reached skill level 15 in Dodging
  2071 | D        | Killed a redback
  2076 | D        | Noticed a redback
  2077 | D        | Killed a redback
  2078 | D        | Noticed Maud
  2093 | D        | Mangled by Maud

Vault maps used:
D:        dungeon_sprint_mu

Action                   |  1- 3 |  4- 6 |  7- 9 | 10-12 || total
-------------------------+-------+-------+-------+-------++-------
Melee: Dagger            |     9 |    18 |    97 |    24 ||   148
 Cast: Ensorcelled Hiber |     4 |     1 |    47 |     6 ||    58
       Dazzling Spray    |       |     4 |       |     3 ||     7
       Static Discharge  |       |       |    14 |       ||    14
       Confuse           |       |       |     2 |     5 ||     7
       Tukima's Dance    |       |       |       |     1 ||     1
Invok: Shadow Step       |       |       |       |     2 ||     2
  Use: Potion            |     3 |       |       |     1 ||     4
       Scroll            |     3 |       |       |       ||     3
 Stab: Sleeping          |     6 |     5 |    24 |    17 ||    52
       Confused          |       |       |     1 |       ||     1
       Invisible         |       |       |       |     1 ||     1
